 Dungeon Crawl Stone Soup version 0.29.0-5-ge4962eb29e (webtiles) character file.

Game seed: 3546412801922370767

2845 snetch the Protected (level 9, 0/118 HPs)
             Began as a Minotaur Berserker on Aug 29, 2022.
             Was a Priest of Trog.
             Slain by a two-headed ogre
             ... wielding a +0 giant spiked club
              (3 damage)
             ... on level 8 of the Dungeon.
             The game lasted 00:22:48 (6948 turns).

snetch the Protected (Minotaur Berserker)           Turns: 6948, Time: 00:22:49

Health: 0/118      AC: 17    Str: 25    XL:     9   Next: 46%
Magic:  8/8        EV:  8    Int:  4    God:    Trog [***...]
Gold:   420        SH:  0    Dex: 11    Spells: 8/8 levels left

rFire   . . .      SeeInvis .   a - +0 broad axe
rCold   . . .      Faith    .   (no shield)
rNeg    . . .      Spirit   .   J - +0 plate armour
rPois   .          Reflect  .   (helmet restricted)
rElec   .          Harm     .   (no cloak)
rCorr   .          Rampage  .   V - +0 pair of gloves
Will    .....                   x - +0 pair of boots
Stlth   ..........              r - amulet of regeneration
HPRegen 1.09/turn               (no ring)
MPRegen 0.11/turn               (no ring)

@: berserking, very quick
A: horns 2, retaliatory headbutt
a: Renounce Religion, Berserk, Trog's Hand


You were on level 8 of the Dungeon.
You worshipped Trog.
Trog was most pleased with you.
You visited 2 branches of the dungeon, and saw 9 of its levels.
You also visited: Sewer.

You collected 420 gold pieces.

Inventory:

Hand Weapons
 a - a +0 broad axe (weapon)
 b - a +2 whip of electrocution
 c - a +0 scythe
 v - a +0 flail of protection
 w - a +2 mace of holy wrath
 B - a +0 sling of freezing
 G - the +3 flail "Witsagg" {freeze, Int+7 Dex+5}
   (You found it in a sewer)

   It freezes those it strikes, dealing additional cold damage.
   It can also slow down cold-blooded creatures.
   Int:       It affects your intelligence (+7).
   Dex:       It affects your dexterity (+5).
 N - a +1 whip of flaming
 Q - a +0 trident
 S - a +4 rapier
Missiles
 m - 49 stones (quivered)
 y - 8 boomerangs
 H - 4 atropa-tipped darts
Armour
 x - a +0 pair of boots (worn)
 J - a +0 plate armour (worn)
 L - +0 steam dragon scales
 O - a +2 robe of resistance
 V - a +0 pair of gloves (worn)
Jewellery
 r - an amulet of regeneration (around neck)
 M - a ring of ice
Wands
 D - a wand of quicksilver (8)
 I - a wand of flame (35)
 K - a wand of roots (22)
 T - a wand of digging (4)
Scrolls
 d - a scroll of noise {unknown}
 e - 2 scrolls of enchant armour {unknown}
 f - a scroll of poison {unknown}
 j - 4 scrolls of teleportation {unknown}
 p - 5 scrolls of identify {unknown}
 s - 2 scrolls of vulnerability {unknown}
 t - 3 scrolls of immolation {unknown}
 u - a scroll of amnesia {unknown}
 C - 4 scrolls of fear {unknown}
 E - a scroll of summoning {unknown}
 P - a scroll of blinking {unknown}
Potions
 h - 3 potions of flight {unknown}
 i - 3 potions of ambrosia {unknown}
 k - 2 potions of curing
 l - 2 potions of degeneration {unknown}
 n - 5 potions of might {unknown}
 o - 2 potions of attraction {unknown}
 q - a potion of lignification {unknown}
 z - a potion of mutation {unknown}
 A - a potion of heal wounds {unknown}
 F - a potion of berserk rage
 R - a potion of cancellation {unknown}
 U - a potion of brilliance {unknown}


   Skills:
 + Level 7.3 Fighting
 + Level 7.3(9.0) Axes
 + Level 7.9(9.2) Maces & Flails
 + Level 1.0 Throwing
 + Level 9.4 Armour
 + Level 3.7 Dodging
 + Level 0.7 Stealth


You had 8 spell levels left.
You didn't know any spells.
Your spell library was empty.

Dungeon Overview and Level Annotations

Branches:
Dungeon (8/15)             Temple (1/1) D:6           Sewer (visited)
   Lair: D:8-11

Altars:
Ashenzari
Cheibriados
Dithmenos
Elyvilon
Fedhas
Gozag
Hepliaklqana
Kikubaaqudgha
Makhleb
Nemelex Xobeh
Okawaru
Qazlal
Ru
Sif Muna
Trog
Uskayaw
Vehumet
Wu Jian
Xom
Yredelemnul
Zin
The Shining One

Annotations:
D:6 2 transporters


Innate Abilities, Weirdness & Mutations

You have a pair of horns on your head.
You reflexively headbutt those who attack you in melee.


Message History

You throw a stone.
The stone hits the two-headed ogre but does no damage.
The two-headed ogre is lightly wounded.
You throw a stone.
The stone hits the two-headed ogre but does no damage.
The two-headed ogre is lightly wounded.
You throw a stone.
The stone hits the two-headed ogre but does no damage.
The two-headed ogre is lightly wounded.
You throw a stone.
The stone hits the two-headed ogre but does no damage.
The two-headed ogre is lightly wounded.
You hit the two-headed ogre.
The two-headed ogre is lightly wounded.
The two-headed ogre hits you with a +0 giant spiked club!
The two-headed ogre barely misses you.
You barely miss the two-headed ogre.
The two-headed ogre is lightly wounded.
The two-headed ogre hits you with a +0 giant spiked club!!
The two-headed ogre hits you with a +0 dire flail!
You hit the two-headed ogre but do no damage.
The two-headed ogre is lightly wounded.
The two-headed ogre looks more healthy.
You hit the two-headed ogre but do no damage.
Your headbutt misses the two-headed ogre.
The two-headed ogre is lightly wounded.
The two-headed ogre hits you with a +0 giant spiked club!
The two-headed ogre hits you with a +0 dire flail!!
* * * LOW HITPOINT WARNING * * *
A red film seems to cover your vision as you go berserk!
You feel yourself moving faster!
You feel mighty! The two-headed ogre barely misses you.
The two-headed ogre hits you with a +0 dire flail!
* * * LOW HITPOINT WARNING * * *
You slice the two-headed ogre!!
The two-headed ogre is heavily wounded.
You slice the two-headed ogre!!
The two-headed ogre is severely wounded.
The two-headed ogre hits you with a +0 giant spiked club.
You die...

. .# ### ##. .(.# #..
..# ...#. #.#####.#
..... #.##.##.#
.....(#.##.##.#
......#.##.##.####.#
......O.............#
.#.#..@##.##.#######
...........##.#
......#.#####.#
......#.# #.# ..#..
... ..# ...... ..#
### ..##. ### ..##.
#.#


You could see a two-headed ogre.

Vanquished Creatures
  Pikel (D:6)
  Maggie (D:6)
  Sigmund (D:2)
  Menkaure (D:6)
  Edmund (D:4)
  A water moccasin (Sewer)
  Duvessa (D:6)
  2 black bears
  2 sky beasts (D:7)
  An ogre (D:5)
  A phantom (D:6)
  A gnoll sergeant (D:7)
  A bullfrog (D:7)
  Dowan (D:6)
  A howler monkey (D:6)
  4 hounds
  3 orc priests
  Jessica (D:2)
  5 orc wizards
  Ijyb (D:3)
  Natasha (thrice) (D:1)
  2 iguanas
  Robin (D:3)
  7 adders
  7 gnolls
  A river rat (D:6)
  2 white imps
  4 worms
  4 dart slugs
  18 orcs
  7 bats
  2 endoplasms
  2 giant cockroaches (D:2)
  25 goblins
  6 hobgoblins
  7 jackals
  3 quokkas
  6 ball pythons
  3 frilled lizards
  7 kobolds
  6 rats
154 creatures vanquished.

Vanquished Creatures (others)
  An orc wizard (D:6)
  3 fungi (D:4)
  4 plants (D:4)
8 creatures vanquished.

Grand Total: 162 creatures vanquished

Notes
Turn   | Place    | Note
-------+----------+-------------------------------------------
     0 | D:1      | snetch the Minotaur Berserker began the quest for the Orb.
     0 | D:1      | Reached XP level 1. HP: 19/19 MP: 0/0
    93 | D:2      | Noticed Natasha
    93 | D:2      | Noticed Sigmund
    93 | D:2      | Found a glowing silver altar of Zin.
    99 | D:2      | Noticed Jessica
   104 | D:2      | Found a faded altar of an unknown god.
   133 | D:1      | Killed Natasha
   134 | D:1      | Reached XP level 2. HP: 14/28 MP: 1/1
   134 | D:1      | Reached XP level 3. HP: 17/34 MP: 2/2
   368 | D:1      | Noticed Natasha
   374 | D:1      | Killed Natasha
   375 | D:1      | Reached XP level 4. HP: 25/41 MP: 3/3
   517 | D:1      | Reached ** piety under Trog
   937 | D:1      | Noticed Natasha
   943 | D:1      | Killed Natasha
   944 | D:1      | Reached skill level 5 in Fighting
   944 | D:1      | Reached skill level 5 in Axes
  1252 | D:2      | Reached skill level 3 in Armour
  1252 | D:2      | Reached XP level 5. HP: 48/48 MP: 4/4
  1285 | D:2      | Killed Jessica
  1667 | D:2      | Killed Sigmund
  1668 | D:2      | Reached XP level 6. HP: 41/56 MP: 5/5
  1922 | D:3      | Found a sacrificial altar of Ru.
  1922 | D:3      | Found a snail-covered altar of Cheibriados.
  1923 | D:3      | Found a glowing golden altar of the Shining One.
  2002 | D:3      | Reached skill level 4 in Armour
  2110 | D:4      | Noticed Edmund
  2124 | D:4      | Killed Edmund
  2125 | D:4      | Reached XP level 7. HP: 47/61 MP: 6/6
  2260 | D:3      | Noticed Robin
  2281 | D:3      | Killed Robin
  2690 | D:3      | Noticed Ijyb
  2698 | D:3      | Killed Ijyb
  2699 | D:3      | Reached skill level 5 in Armour
  3025 | D:5      | Entered Level 5 of the Dungeon
  3112 | D:4      | Found a blossoming altar of Fedhas.
  3378 | D:5      | Reached skill level 1 in Maces & Flails
  3493 | D:6      | Reached *** piety under Trog
  3505 | D:6      | Found a glowing drain.
  3509 | Sewer    | Entered a sewer
  3552 | Sewer    | Reached skill level 6 in Armour
  3570 | Sewer    | Identified the +3 flail "Witsagg" {freeze, Int+7 Dex+5}
  3704 | D:5      | Reached XP level 8. HP: 70/70 MP: 7/7
  4593 | D:5      | Found an ancient bone altar of Kikubaaqudgha.
  4839 | D:6      | Noticed Duvessa
  4839 | D:6      | Noticed Dowan
  4844 | D:6      | Killed Dowan
  4853 | D:6      | Killed Duvessa
  4874 | D:6      | Reached skill level 7 in Armour
  4913 | D:6      | Reached skill level 5 in Maces & Flails
  4966 | D:6      | Found a staircase to the Ecumenical Temple.
  4975 | Temple   | Entered the Ecumenical Temple
  5240 | D:6      | Noticed Maggie
  5252 | D:6      | Killed Maggie
  5253 | D:6      | Reached skill level 8 in Armour
  5321 | D:6      | Found a shadowy altar of Dithmenos.
  5327 | D:6      | Found an ornate altar of the Wu Jian Council.
  5380 | D:6      | Noticed a kobold demonologist
  5381 | D:6      | Found a transporter.
  5384 | D:6      | Found a transporter.
  5397 | D:6      | Noticed Pikel
  5399 | D:6      | Noticed a fire crab
  5408 | D:6      | Killed Pikel
  5409 | D:6      | Reached skill level 1 in Throwing
  5409 | D:6      | Reached XP level 9. HP: 79/79 MP: 8/8
  5781 | D:6      | Noticed Menkaure
  5788 | D:6      | Killed Menkaure
  5789 | D:6      | Reached skill level 9 in Armour
  6145 | D:7      | Found a radiant altar of Vehumet.
  6936 | D:8      | Noticed a two-headed ogre
  6946 | D:8      | HP: 2/118 [two-headed ogre/+0 giant spiked club (11)]
  6948 | D:8      | Slain by a two-headed ogre

Illustrated notes

Levels and vault maps discovered:
D:1:      mrwooster_arrival_statue, layout_loops_ring
D:2:      layout_basic, basic_altar, hellmonk_ecumenical_altar_zigzags,
          hex_tiny, uniq_jessica, uniq_natasha, uniq_sigmund
D:3:      layout_basic, gammafunk_temple_overflow_claw, uniq_ijyb, uniq_robin
D:4:      layout_rooms, fedhas_altar_3, uniq_edmund
D:5:      layout_basic, mainiacjoe_overflow_alcove_2
D:6:      gammafunk_wand_slinger, layout_loops_corners,
          nicolae_overflow_squiral, minmay_temple_entry_antechambers,
          gup_sewer_entry_spiral, uniq_duvessa, uniq_maggie, uniq_menkaure,
          uniq_pikel
D:7:      layout_loops_ring, vehumet_altar_wand_db
D:8:      layout_basic, zin_statuary
Temple:   compressed_dpeg_triangle_lava_temple

Skill      XL: |  1  2  3  4  5  6  7  8  9 |
---------------+----------------------------+-----
Fighting       | 4 5 6 7 |  7.3
Axes           | 4 5 6 7 |  7.3
Armour         | 3 4 6 8 9 |  9.4
Dodging        | 3 |  3.7
Maces & Flails | 2 6 7 |  7.9
Throwing       | 1 |  1.0
Stealth        | |  0.7

Action                   |  1- 3 |  4- 6 |  7- 9 || total
-------------------------+-------+-------+-------++-------
Melee: Hand axe          |    33 |   143 |       ||   176
       Punch             |     2 |     1 |     3 ||     6
       Headbutt          |     1 |    21 |    54 ||    76
       Whip              |       |    10 |   245 ||   255
       Broad axe         |       |       |    32 ||    32
Throw: Stone             |     2 |     1 |     4 ||     7
       Boomerang         |     1 |       |       ||     1
       Dart              |       |     4 |     3 ||     7
Invok: Berserk           |     2 |     1 |     3 ||     6
       Trog's Hand       |       |     4 |     2 ||     6
Armor: Animal skin       |     5 |     1 |       ||     6
       Chain mail        |       |    53 |    56 ||   109
       Plate armour      |       |       |    82 ||    82
Dodge: Dodged            |    17 |    51 |    91 ||   159
